 Dungeon Crawl Stone Soup version 0.29-a0-334-gb41bcbb86e (webtiles) character file.

Game seed: 9760436494420875191

161 Morbidden the Skirmisher (level 5, -2/42 HPs)
             Began as a Demonspawn Fighter on Apr 14, 2022.
             Killed by divine providence
             ... invoked by an orc priest
              (15 damage)
             ... on level 3 of the Dungeon.
             The game lasted 00:01:37 (2115 turns).

Morbidden the Skirmisher (Demonspawn Fighter)       Turns: 2115, Time: 00:01:38

Health: -2/42      AC: 12    Str: 16    XL:     5   Next: 18%
Magic:  5/5        EV:  6    Int: 12    God:
Gold:   100        SH:  8    Dex: 12    Spells: 4/4 levels left

rFire   + . .      SeeInvis .   a - +0 war axe
rCold   + . .      Faith    .   c - +0 buckler
rNeg    . . .      Spirit   .   h - +0 chain mail
rPois   +          Reflect  .   (no helmet)
rElec   +          Harm     .   (no cloak)
rCorr   +          Rampage  .   l - +1 pair of gloves
Will    .....                   (no boots)
Stlth   ..........              (no amulet)
HPRegen 0.14/turn               (no ring)
MPRegen 0.09/turn               (no ring)

@: resistant
A: rugged brown scales 1, condensation shield
a: no special abilities


You were on level 3 of the Dungeon.
You visited 1 branch of the dungeon, and saw 3 of its levels.

You collected 100 gold pieces.

Inventory:

Hand Weapons
 a - a +0 war axe (weapon)
Armour
 c - a +0 buckler (worn)
 h - a +0 chain mail (worn)
 l - a +1 pair of gloves (worn)
Jewellery
 n - a ring of ice
 r - a ring of ice
Scrolls
 b - a scroll of blinking
 d - a scroll of acquirement {unknown}
 e - a scroll of fog {unknown}
 f - 2 scrolls of enchant armour {unknown}
 g - a scroll of noise {unknown}
 i - a scroll of vulnerability {unknown}
 j - a scroll of holy word {unknown}
 q - a scroll of enchant weapon {unknown}
Potions
 m - a potion of might
 p - a potion of cancellation {unknown}


   Skills:
 * Level 3.5 Fighting
 * Level 3.1 Axes
 + Level 3.4 Armour
 * Level 1.2 Dodging
 * Level 3.4 Shields


You had 4 spell levels left.
You didn't know any spells.
Your spell library contained the following spells:

 Spells                   Type           Power      Damage    Failure   Level
 Portal Projectile        Hex/Tloc       0%         N/A       100%        3
 Blade Hands              Tmut           0%         N/A       100%        5
 Excruciating Wounds      Necr           0%         N/A       100%        5


Dungeon Overview and Level Annotations

Branches:
Dungeon (3/15)

Altars:


Innate Abilities, Weirdness & Mutations

You are partially covered in rugged brown scales. (AC +1, +3% HP)
A meltable shield of frost defends you. (SH +4)


Message History

You are no longer poisoned.
The orc priest begins to cast a cantrip, but forgets the words!
You block the orc's attack. The orc hits you but does no damage.
The orc priest looks encouraged for a moment.
You closely miss the orc.
The orc is heavily wounded.
You block the orc's attack.
You hit the orc.
The orc is severely wounded.
The orc priest calls upon Beogh to heal the orc.
The orc's wounds heal themselves!
The orc hits you with a +0 short sword.
Unknown command.
You slash the orc!
You kill the orc!
The orc priest calls down the wrath of Beogh upon you.
Pain shoots through your body!
* * * LOW HITPOINT WARNING * * *
You hit the orc priest but do no damage.
The orc priest is moderately wounded.
The orc priest hits you but does no damage.
Unknown command.
You hit the orc priest but do no damage.
The orc priest is moderately wounded.
You block the orc priest's attack.
You hit the orc priest but do no damage.
The orc priest is moderately wounded.
The orc priest hits you but does no damage. x2
Unknown command.
It was a potion of curing.
You feel better.
The orc priest hits you but does no damage.
Unknown command.
You barely miss the orc priest.
The orc priest is moderately wounded.
You block the orc priest's attack.
Unknown command.
It was a potion of resistance.
You feel protected.
The orc priest mumbles some strange prayers to Beogh against you.
Beogh smites you!
You die...

#.#
#.#
#.#
#.#
#.#
#.#
#.#
#.#
#@#
#o#
#o#
#.#
#.#
#(#
#.#
#.#


You could see 2 orc priests.

Vanquished Creatures
  A howler monkey (D:3)
  Natasha (twice) (D:2)
  3 gnolls (D:3)
  2 orcs (D:3)
  3 endoplasms
  A giant cockroach (D:1)
  4 goblins
  7 hobgoblins
  4 jackals
  2 quokkas
  5 ball pythons
  2 bats
  2 frilled lizards
  3 kobolds (D:1)
  A rat (D:1)
42 creatures vanquished.

Notes
Turn   | Place    | Note
-------+----------+-------------------------------------------
     0 | D:1      | Morbidden the Demonspawn Fighter began the quest for the
                  | Orb.
     0 | D:1      | Reached XP level 1. HP: 18/18 MP: 1/1
   278 | D:1      | Found a faded altar of an unknown god.
   438 | D:1      | Gained mutation: A meltable shield of frost defends you.
                  | (SH +4) [demonic ancestry]
   438 | D:1      | Reached XP level 2. HP: 18/24 MP: 2/2
  1420 | D:2      | Noticed Natasha
  1430 | D:2      | Killed Natasha
  1431 | D:2      | Reached XP level 3. HP: 10/29 MP: 3/3
  1608 | D:2      | Noticed Natasha
  1614 | D:2      | Killed Natasha
  1615 | D:2      | Reached XP level 4. HP: 31/35 MP: 4/4
  1803 | D:2      | You fall into a shaft and drop 1 floor!
  1815 | D:3      | Reached skill level 1 in Dodging
  1815 | D:3      | Gained mutation: You are partially covered in rugged brown
                  | scales. (AC +1, +3% HP) [demonic ancestry]
  1815 | D:3      | Reached XP level 5. HP: 22/42 MP: 5/5
  2115 | D:3      | Killed from afar by an orc priest

Illustrated notes

Levels and vault maps discovered:
D:1:      lemuel_arrival_hallway, layout_basic, basic_ecumenical_altar
D:2:      layout_loops_corners, corexii_corridor_pit,
          minmay_goblin_kobold_house, uniq_jessica, uniq_terence, uniq_natasha,
          uniq_robin
D:3:      layout_rooms, serial_shops, shop, st_stairs_5,
          hangedman_decor_slide_cut

Skill      XL: |  1  2  3  4 |
---------------+-------------+-----
Armour         | 3 |  3.4
Axes           | 2 3 |  3.1
Shields        | 3 |  3.4
Dodging        | 1 |  1.2
Fighting       | |  3.5

Action                   |  1- 3 |  4- 6 || total
-------------------------+-------+-------++-------
Melee: War axe           |    75 |    41 ||   116
  Use: Potion            |     1 |     2 ||     3
       Scroll            |     1 |       ||     1
Armor: Scale mail        |     6 |       ||     6
       Chain mail        |    35 |    20 ||    55
Dodge: Dodged            |    18 |    13 ||    31
Block: Buckler           |    38 |    24 ||    62

Table legend: (Time is in decaauts)
 A = Elapsed time spent in this place.
 B = Non-inter-level travel time spent in this place.
 C = Inter-level travel time spent in this place.
 D = Time resting spent in this place.
 E = Time spent auto-exploring this place.
 F = Levels seen in this place.
 G = Mean time per level.
                   A        B        C        D        E       F      G
               +--------+--------+--------+--------+--------+-----+--------+
         Total |   2196 |   2143 |     53 |    481 |   1321 |   3 |  732.0 |
       Dungeon |   2196 |   2143 |     53 |    481 |   1321 |   3 |  732.0 |
               +--------+--------+--------+--------+--------+-----+--------+

Top non-repeatable levels by time:
     D:1: 1336 daAuts
     D:2: 534 daAuts
     D:3: 326 daAuts
